 Dungeon Crawl Stone Soup version 0.20-a0-370-gd6af2a4 (webtiles) character file.

123 Eviona the Caller (level 5, -2/28 HPs)
             Began as a Tengu Summoner on Dec 27, 2016.
             Slain by an orc wizard
             ... wielding a +0 dagger
              (5 damage)
             ... on level 4 of the Dungeon.
             The game lasted 00:08:55 (3984 turns).

Eviona the Caller (Tengu Summoner)                  Turns: 3984, Time: 00:08:55

Health: -2/28      AC:  2    Str:  8    XL:     5   Next: 7%
Magic:  5/9        EV: 13    Int: 16    God:
Gold:   186        SH:  0    Dex: 15    Spells: 3/8 levels left

rFire  . . .     SeeInvis .     d - +0 spear
rCold  . . .     Gourm    .     a - +0 robe
rNeg   . . .     Faith    .     (no shield)
rPois  .         Spirit   .     (helmet restricted)
rElec  .         Reflect  .     (no cloak)
rCorr  .         Harm     .     (no gloves)
MR     .....                    (boots unavailable)
Stlth  ++........               (no amulet)
                                (no ring)
                                (no ring)

@: very slightly contaminated
A: beak, talons 3, able to fly 1
a: Fly


You were on level 4 of the Dungeon.
You were not hungry.

You visited 1 branch of the dungeon, and saw 4 of its levels.

You collected 186 gold pieces.

Inventory:

Hand Weapons
 d - a +0 spear (weapon)
Missiles
 h - 148 stones (quivered)
Armour
 a - a +0 robe (worn)
Scrolls
 e - 5 scrolls of identify {unknown}
 k - 4 scrolls of teleportation {unknown}
 l - a scroll of recharging {unknown}
 m - 2 scrolls of fear {unknown}
 o - a scroll of remove curse {unknown}
 p - 2 scrolls of blinking {unknown}
 u - a scroll of enchant armour {unknown}
Potions
 f - a potion of agility {unknown}
 g - a potion of might {unknown}
 i - 2 potions of curing {unknown}
 j - a potion of berserk rage {unknown}
 q - a potion of brilliance {unknown}
 t - a potion of heal wounds
Books
 b - a book of Callings

   Spells                             Type                      Level
   a - Summon Small Mammal            Summoning                    1
   b - Call Imp                       Summoning                    2
   c - Call Canine Familiar           Summoning                    3
   d - Summon Guardian Golem          Hexes/Summoning              3
   e - Summon Lightning Spire         Summoning/Air                4
   f - Summon Ice Beast               Ice/Summoning                4
Comestibles
 c - 4 bread rations
 n - a slice of pizza
 s - a meat ration


   Skills:
 - Level 3.4 Polearms
 - Level 2.2 Dodging
 - Level 2.0 Stealth
 - Level 2.0 Spellcasting
 - Level 5.0 Summonings
 + Level 3.5 Air Magic


You had 3 spell levels left.
You knew the following spells:

 Your Spells              Type           Power        Failure   Level  Hunger
a - Summon Small Mammal   Summ           ###.         2%          1    #......
b - Summon Lightning Spi  Summ/Air       ###.....     38%         4    #####..


Dungeon Overview and Level Annotations

Branches:
Dungeon (4/15)
 Temple: D:4-7

Altars:
Nemelex Xobeh
Qazlal
The Shining One


Innate Abilities, Weirdness & Mutations

You have a beak for a mouth.
You have claws for feet.
You can fly.


Message History

The orc wizard hits you with a dagger.
You barely miss the orc wizard.
The orc wizard is severely wounded.
The orc wizard hits you with a dagger.
* * * LOW HITPOINT WARNING * * *
Casting: Summon Lightning Spire
Confirm with . or Enter, or press ? or * to list all spells.
Aiming: Summon Lightning Spire
Press: ? - help, Dir - move target cursor, p - orc wizard You miscast Summon Lightning Spire.
You are very lightly contaminated with residual magic.
Nothing appears to happen.
The orc wizard hits you with a dagger.
* * * LOW HITPOINT WARNING * * *
You barely miss the orc wizard. Your peck misses the orc wizard.
The orc wizard is severely wounded.
The orc wizard closely misses you.
You closely miss the orc wizard. You peck the orc wizard.
The orc wizard is almost dead.
The orc wizard hits you with a dagger.
You die...

#.# #.# #.#
#.# #.# #)#
#.# #o# #@#
#.# #.# #.#
#.# #.# #.#
#.#
#########.#


You could see an orc wizard.

Vanquished Creatures
  A hound (D:3)
  2 adders
  A worm (D:2)
  2 dart slugs
  A leopard gecko (D:2)
  5 orcs
  6 bats
  A giant cockroach (D:3)
  7 goblins
  2 hobgoblins (D:1)
  11 jackals
  A quokka (D:2)
  3 frilled lizards
  7 kobolds
  11 rats
61 creatures vanquished.

Vanquished Creatures (collateral kills)
  A jackal (D:1)
1 creature vanquished.

Grand Total: 62 creatures vanquished

Notes
Turn   | Place    | Note
-------+----------+-------------------------------------------
     0 | D:1      | Eviona the Tengu Summoner began the quest for the Orb.
     0 | D:1      | Reached XP level 1. HP: 10/10 MP: 4/4
    89 | D:1      | Reached skill level 5 in Summonings
   124 | D:1      | Reached XP level 2. HP: 14/15 MP: 6/6
   134 | D:1      | Reached skill level 1 in Polearms
   783 | D:2      | Reached XP level 3. HP: 16/19 MP: 7/7
  1327 | D:2      | Found a sparkling altar of Nemelex Xobeh.
  2054 | D:2      | Reached XP level 4. HP: 10/24 MP: 8/8
  2351 | D:3      | Learned a level 4 spell: Summon Lightning Spire
  2626 | D:3      | Reached skill level 1 in Air Magic
  3077 | D:3      | Found a stormy altar of Qazlal.
  3293 | D:3      | Gained mutation: You can fly. [Tengu growth]
  3293 | D:3      | Reached XP level 5. HP: 26/28 MP: 9/9
  3405 | D:3      | Found a glowing golden altar of the Shining One.
  3984 | D:4      | Slain by an orc wizard

Vault maps used:
D:1:      dpeg_arrival_solitude
D:2:      lemuel_crystal_altar, kennysheep_flooded_box
D:3:      wad_river_or_something, grunt_qazlal_clouds,
          lemuel_coloured_pillars_altar
D:4:      fedhas_altar_4, first_bread, serial_shops,
          nicolae_shop_overgrown_old_shop, kennysheep_generic_room_6

Skill      XL: |  1  2  3  4 |
---------------+-------------+-----
Summonings     | 5 |  5.0
Polearms       | 2 3 |  3.4
Air Magic      | 3 |  3.5
Dodging        | |  2.2
Stealth        | |  2.0
Spellcasting   | |  2.0

Action                   |  1- 3 |  4- 6 || total
-------------------------+-------+-------++-------
Melee: Spear             |   158 |   129 ||   287
       Kick              |    22 |    31 ||    53
       Peck              |    11 |    10 ||    21
Throw: Stone             |     5 |     4 ||     9
 Cast: Summon Small Mamm |     2 |       ||     2
 Abil: Fly               |       |     1 ||     1
  Use: Potion            |     1 |       ||     1
 Stab: Sleeping          |     2 |     2 ||     4
  Eat: Chunk             |     4 |     4 ||     8
       Meat ration       |       |     1 ||     1
Armor: Robe              |    11 |    16 ||    27
Dodge: Dodged            |    74 |    77 ||   151
